Map: Orbital Shipyard

Players

Buttfrenzy

  • Race: Zerg Zerg
  • League: Diamond

LilDicky - Winner!

  • Race: Terran Terran
  • League: Diamond

VOD

http://www.twitch.tv/tumescentpie

Description

Time

  • Played on: Dec. 3, 2015, 1:27 p.m.
  • Length: 22:39
Show
View Real Time Build Order
Export as new Build Order

Buttfrenzy Zerg 

Build Orders: Hatch First, Lurkers 

Get SALT Encoding   

  12  0:02  Drone  
  13  0:15  Overlord  
  13  0:23  Drone  
  14  0:35  Drone x2  
  16  0:39  Drone  
  17  0:54  Hatchery  
  17  0:56  Drone  
  17  1:11  Spawning Pool  
  16  1:13  Drone  
  16  1:18  Drone  
  18  1:21  Extractor  
  17  1:37  Overlord  
  17  1:47  Drone x2  
  19  1:57  Queen  
  19  1:59  Zergling x2  
  22  2:06  Queen  
  24  2:12  Drone  
  24  2:13  Drone  
  26  2:17  Evolution Chamber  
  25  2:24  Metabolic Boost  
  25  2:30  Zergling x2  
  26  2:40  Extractor  
  26  2:42  Extractor  
  25  2:53  Zergling x2  
  25  2:54  Drone x5, Queen  
  34  3:05  Overlord  
  34  3:08  Zergling x2  
  35  3:19  Zergling x2  
  36  3:24  Drone x4  
  40  3:30  Roach Warren  
  39  3:37  Lair  
  39  3:39  Drone x3  
  42  3:52  Drone x2  
  42  3:53  Overlord x2  
  44  4:03  Overlord x2  
  42  4:34  Glial Reconstitution  
  42  4:36  Extractor  
  42  4:37  Roach x3  
  42  4:38  Roach  
  49  4:44  Extractor  
  48  4:54  Zergling x4  
  48  4:55  Drone x4  
  53  5:01  Hatchery  
  51  5:11  Zerg Missile Weapons Level 1  
  51  5:13  Drone  
  51  5:14  Drone x6  
  55  5:15  Drone x2  
  60  5:23  Extractor  
  60  5:28  Ravager x2  
  61  5:53  Hatchery  
  61  5:54  Ravager x2  
  61  5:55  Roach  
  61  5:56  Roach x2  
  68  5:59  Overlord x3  
  68  6:04  Spore Crawler  
  68  6:08  Overlord, Spore Crawler  
  66  6:22  Drone  
  66  6:23  Drone x11  
  78  6:32  Queen  
  80  6:38  Roach x4  
  80  6:39  Tunneling Claws  
  88  6:42  Burrow  
  88  6:46  Extractor  
  87  6:47  Spore Crawler, Drone, Extractor  
  87  6:48  Drone  
  87  7:05  Zerg Ground Armor Level 1  
  87  7:12  Hydralisk Den  
  86  7:17  Roach x2  
  86  7:18  Roach x3  
  86  7:19  Overlord x3  
  86  7:20  Overlord  
  96  7:36  Evolution Chamber  
  95  7:47  Drone x7  
  95  7:48  Drone  
  103  8:03  Hatchery  
  102  8:13  Queen  
  102  8:14  Drone x2  
  102  8:15  Drone  
  102  8:16  Lurker Den  
  106  8:35  Spire  
  105  8:42  Hydralisk x4  
  105  8:43  Hydralisk x2  
  117  8:53  Roach x5  
  117  8:55  Overlord x4  
  127  8:59  Zerg Missile Weapons Level 2  
  125  9:28  Hatchery  
  124  9:37  Hydralisk x4  
  132  9:39  Overlord x3  
  130  9:54  Roach x7  
  130  9:55  Roach x4  
  130  10:06  Hydralisk  
  130  10:07  Hydralisk x10  
  130  10:12  Spine Crawler  
  149  10:30  Hydralisk  
  149  10:31  Hydralisk  
  149  10:32  Lurker  
  149  10:34  Lurker  
  149  10:35  Lurker x2  
  157  10:39  Roach x6  
  155  10:55  Roach x6  
  149  11:01  Hatchery  
  149  11:03  Roach x3  
  148  11:06  Baneling Nest  
  148  11:07  Spire  
  140  11:26  Zerg Ground Armor Level 2, Zerg Melee Weapons Level 1  
  140  11:30  Zerg Flyer Weapons Level 1  
  135  11:47  Lurker x3  
  135  11:48  Lurker  
  135  11:49  Zergling x2  
  135  11:50  Zergling x12  
  146  12:07  Spore Crawler  
  145  12:08  Spine Crawler  
  145  12:10  Centrifical Hooks  
  144  12:16  Baneling x3  
  144  12:17  Baneling x3  
  118  13:00  Roach  
  118  13:01  Roach x12  
  118  13:02  Hydralisk x4  
  118  13:03  Hydralisk x2  
  156  13:17  Muscular Augments  
  156  13:31  Hatchery  
  155  13:37  Hatchery  
  154  13:51  Hydralisk x7  
  142  14:25  Extractor  
  142  14:28  Mutalisk x8, Roach x9  
  142  14:29  Mutalisk x13, Extractor  
  182  14:50  Zergling x8  
  182  14:51  Zergling x8  
  190  14:53  Overlord x3  
  156  15:35  Mutalisk  
  156  15:36  Mutalisk x13  
  184  15:43  Drone x2  
  179  16:00  Hatchery  
  103  16:56  Hydralisk x4  
  103  16:57  Hydralisk x5  
  103  16:59  Lurker x5  
  126  17:04  Drone x3  
  129  17:09  Zerg Melee Weapons Level 2  
  129  17:13  Zergling x6  
  132  17:44  Baneling x6  
  130  17:57  Zergling x16  
  130  17:58  Zergling x10  
  130  18:18  Drone  
  130  18:19  Drone x4  
  127  18:46  Drone x9  
  136  18:49  Drone x2  
  136  18:50  Drone  
  139  18:58  Mutalisk x3  
  145  19:08  Queen  
  147  19:26  Baneling x7  
  146  20:03  Zergling x8  
  150  20:16  Overseer x2  
  147  20:29  Baneling  
  147  20:30  Baneling x15  
  137  20:59  Zergling x18  
  137  21:02  Baneling x2  
  137  21:03  Baneling x6  
  117  21:41  Hatchery  
  98  22:09  Spawning Pool  
  98  22:11  Overlord x8  
  98  22:12  Overlord  
  97  22:26  Hydralisk Den  
Show
View Real Time Build Order
Export as new Build Order

LilDicky Terran - Winner!

Build Orders: Reaper Expand 

Get SALT Encoding   

  12  0:01  SCV  
  13  0:13  SCV  
  14  0:19  Supply Depot  
  14  0:26  SCV  
  15  0:36  Refinery  
  15  0:41  SCV  
  16  0:45  Barracks  
  16  0:53  SCV  
  17  1:05  SCV  
  18  1:17  SCV  
  19  1:31  Orbital Command  
  19  1:33  Reaper  
  20  1:43  Command Center  
  20  1:56  Factory  
  20  2:02  SCV  
  20  2:04  Marine  
  22  2:09  Refinery  
  22  2:14  SCV  
  23  2:22  Supply Depot  
  23  2:23  Barracks Tech Lab  
  23  2:44  SCV  
  23  2:56  Orbital Command  
  23  2:58  Siege Tank  
  23  2:59  Marine  
  23  3:03  SCV, Refinery  
  28  3:17  Command Center  
  28  3:19  SCV  
  29  3:22  SCV  
  30  3:27  Barracks Reactor  
  30  3:31  SCV  
  31  3:36  Siege Tank  
  31  3:37  SCV  
  35  3:43  SCV  
  36  3:50  SCV, Supply Depot  
  37  3:56  Starport  
  37  4:01  SCV  
  38  4:04  SCV  
  38  4:06  Marine  
  38  4:07  Marine  
  41  4:10  Siege Tank  
  40  4:20  Liberator  
  40  4:30  Marine x2  
  39  4:35  Orbital Command  
  42  4:44  SCV x2  
  44  4:50  Marine x2  
  46  5:02  Orbital Command  
  46  5:10  Siege Tank  
  46  5:11  SCV  
  51  5:23  Liberator x2  
  56  5:44  Siege Tank  
  56  5:48  SCV x2  
  61  5:50  SCV  
  61  5:53  Barracks Tech Lab  
  61  5:56  Barracks  
  62  5:57  Barracks  
  62  6:00  SCV  
  62  6:02  SCV x2  
  65  6:05  Engineering Bay x2  
  65  6:07  Refinery  
  65  6:12  SCV  
  65  6:13  Stimpack  
  65  6:14  Marine  
  67  6:25  SCV  
  68  6:27  SCV  
  69  6:45  SCV, Marine  
  73  6:48  Barracks Reactor  
  73  6:50  Barracks Tech Lab  
  73  6:54  Terran Infantry Weapons Level 1, Supply Depot x2, Terran Infantry Armor Level 1  
  71  6:57  SCV x3  
  71  6:58  Liberator x2  
  74  7:03  Supply Depot  
  74  7:06  Missile Turret  
  74  7:08  Missile Turret  
  74  7:09  SCV  
  74  7:11  Missile Turret  
  81  7:16  Marine  
  81  7:17  Marine  
  81  7:18  SCV  
  84  7:24  Supply Depot  
  84  7:26  SCV x2  
  84  7:29  Marine  
  87  7:30  Marine  
  88  7:45  Marine x2  
  88  7:47  SCV x2, Marine  
  88  7:49  Marine  
  94  7:52  Siege Tank  
  97  8:00  Armory  
  97  8:03  Marauder  
  97  8:04  Barracks  
  99  8:06  Barracks  
  99  8:08  Barracks x2  
  99  8:09  Supply Depot, Marine x3  
  99  8:10  SCV  
  103  8:14  Medivac  
  103  8:15  Medivac  
  103  8:17  SCV  
  108  8:26  Supply Depot  
  108  8:30  Supply Depot x2  
  108  8:32  SCV x3  
  111  8:43  Marine  
  111  8:44  Marauder  
  111  8:45  Siege Tank  
  111  8:47  Medivac x2  
  121  8:53  Marine x2  
  121  8:54  Marauder  
  125  8:58  Marine x2  
  127  9:05  Marauder  
  127  9:06  Marine x2  
  131  9:16  Marauder  
  132  9:24  Marine  
  132  9:25  Marine  
  132  9:27  Marauder  
  136  9:37  Marauder  
  137  9:41  Marine  
  137  9:42  Marine x5  
  143  9:47  SCV x3  
  143  9:48  Marauder  
  143  9:50  Command Center  
  148  9:59  SCV  
  149  10:14  Marine  
  149  10:15  SCV, Marine x2  
  149  10:16  Marine  
  149  10:17  Marine x2  
  149  10:18  Marauder  
  149  10:19  Marauder  
  136  10:31  Missile Turret  
  136  10:32  Missile Turret  
  136  10:33  Marine  
  136  10:34  Marine  
  135  10:39  Marauder  
  135  10:40  Marauder  
  137  10:52  Marine x4  
  141  11:02  Missile Turret  
  141  11:04  Terran Infantry Weapons Level 2, Terran Infantry Armor Level 2  
  141  11:15  Missile Turret  
  140  11:20  SCV  
  140  11:23  Orbital Command  
  140  11:46  Marine  
  141  11:55  Marine  
  141  11:56  Marauder  
  144  12:01  Marine  
  145  12:09  SCV  
  145  12:13  Refinery  
  145  12:14  Refinery  
  146  12:20  Marine x2  
  146  12:21  Raven  
  150  12:23  Missile Turret  
  94  12:53  Marine x5  
  99  13:00  Marine x4  
  103  13:11  Marine x3  
  106  13:13  SCV x2  
  106  13:14  SCV  
  106  13:19  Marauder  
  108  13:21  Marine  
  108  13:25  SCV  
  110  13:28  Orbital Command  
  110  13:31  Marine  
  110  13:32  Marine x3  
  110  13:33  Marine x2  
  116  13:40  Marauder  
  116  13:41  Marine x2  
  119  13:43  Banshee  
  119  13:45  Cloaking Field  
  123  13:52  Marine x2  
  123  13:54  Marine x2  
  127  13:58  SCV x3  
  127  14:02  Marauder  
  132  14:20  Orbital Command  
  132  14:23  Marauder  
  125  14:24  Marine x4  
  125  14:25  Marine x3  
  132  14:36  Missile Turret  
  132  14:44  Marauder  
  134  15:06  Marauder  
  134  15:20  Marine  
  134  15:21  Marine x5  
  129  15:22  Marine  
  129  15:23  Marine  
  129  15:27  Marauder  
  124  15:38  Marine x2  
  124  15:39  Marine x5  
  124  15:41  Marine  
  132  15:48  Marine  
  133  15:56  Marine x2  
  135  15:59  Marine  
  133  16:06  Marauder  
  126  16:28  Marauder  
  124  16:36  Marine  
  124  16:37  Marine x7  
  123  16:48  Marine  
  101  16:54  Marine x6  
  101  16:55  Marine x2  
  101  16:59  Command Center, Banshee  
  102  17:03  SCV  
  102  17:06  Barracks  
  102  17:07  Marauder  
  102  17:08  Barracks  
  105  17:12  Marine x5  
  110  17:17  Marine x3  
  113  17:28  Marauder  
  113  17:29  Marine  
  112  17:41  Command Center  
  112  17:43  Missile Turret x2  
  112  17:44  Missile Turret  
  112  17:45  Missile Turret  
  112  17:48  Missile Turret  
  112  17:49  Marine  
  112  17:50  Marine x4, Marauder  
  119  17:51  Siege Tank  
  119  17:52  Banshee  
  111  18:11  Marauder  
  100  18:26  Marine  
  101  18:32  Marauder  
  71  18:35  Marine x7  
  75  18:44  Marine  
  70  18:53  Marine x7  
  70  18:54  Marauder  
  79  18:58  Planetary Fortress  
  79  19:01  Missile Turret, Marine  
  80  19:03  Terran Infantry Weapons Level 3  
  80  19:09  Terran Infantry Armor Level 3  
  80  19:12  Missile Turret  
  80  19:17  Barracks Reactor x2, Marine x2  
  80  19:18  Marine  
  80  19:20  Missile Turret  
  80  19:21  Missile Turret  
  80  19:24  Planetary Fortress  
  83  19:29  Missile Turret  
  80  20:10  Marine  
  81  20:24  Marine  
  81  20:25  Marine x4  
  86  20:30  Supply Depot, Marine x2  
  86  20:31  Refinery, Marine x5  
  86  20:32  Refinery  
  86  20:35  Marine  
  94  20:41  SCV x3, Missile Turret  
  94  20:49  Marine x10  
  102  20:52  Banshee  
  102  20:53  SCV x2, Marauder  
  96  20:58  Missile Turret  
  96  21:01  Missile Turret  
  96  21:05  Marine x2  
  96  21:06  Marine  
  99  21:14  Marauder  
  95  21:36  Marauder  
  90  21:41  Marine x7  
  76  22:03  Marine x5  
  76  22:04  Marine  
  82  22:12  Marine x2  
  82  22:13  Marine  
  80  22:19  SCV  
Tags
 
Add a new tag
Caveats
  • Supply blocks, unpowered buildings, or Contaminate may cause inaccurate times.
  • Supply counts are checked every 10 seconds.